Map: Heavy Artillery LE

Players

Haloman - Winner!

  • Race: Terran Terran
  • League: Master
  • Spawn Location: 3:00

crew - Winner!

  • Race: Protoss Protoss
  • League: Master
  • Spawn Location: 1:00

Massa

  • Race: Terran Terran
  • League: Platinum
  • Spawn Location: 7:00

qqq

  • Race: Protoss Protoss
  • League: Platinum
  • Spawn Location: 7:00

VOD

Have the link to the VOD?

Description

Time

  • Played on: Nov. 25, 2020, 3:09 p.m.
  • Length: 9:16
Show
View Real Time Build Order
Export as new Build Order

Haloman Terran - Winner!

Build Orders: Reaper Expand 

Get SALT Encoding   

  12  0:00  SCV  
  13  0:12  SCV  
  14  0:18  Supply Depot  
  14  0:24  SCV  
  15  0:40  SCV  
  15  0:41  Barracks  
  16  0:43  Refinery  
  16  0:52  SCV  
  17  0:58  Supply Depot  
  17  1:04  SCV  
  18  1:20  SCV  
  19  1:29  Reaper  
  20  1:32  Orbital Command  
  20  1:49  Command Center  
  20  1:59  SCV  
  21  2:12  SCV  
  21  2:14  Supply Depot  
  22  2:22  Factory  
  22  2:23  Barracks Reactor, Refinery  
  22  2:27  SCV  
  23  2:39  SCV  
  24  2:51  SCV  
  25  3:00  Marine x2  
  25  3:02  Orbital Command  
  25  3:05  SCV  
  28  3:07  Starport  
  28  3:09  Widow Mine  
  30  3:17  SCV  
  31  3:20  Orbital Command, Marine x2  
  33  3:29  SCV  
  34  3:39  Marine  
  34  3:40  Marine  
  36  3:42  Factory Tech Lab, SCV  
  36  3:46  SCV  
  36  3:47  Refinery  
  36  3:48  Medivac  
  40  3:53  Supply Depot  
  40  3:56  SCV  
  40  4:00  SCV  
  42  4:03  Supply Depot  
  42  4:08  SCV  
  43  4:10  Siege Tank  
  43  4:14  SCV  
  47  4:20  SCV  
  48  4:25  Engineering Bay  
  48  4:26  SCV, Supply Depot  
  48  4:28  Starport Tech Lab  
  49  4:31  Marine x2  
  49  4:32  SCV  
  51  4:38  SCV, Command Center  
  51  4:44  SCV  
  53  4:50  SCV  
  54  4:54  Supply Depot  
  54  4:56  SCV  
  54  4:57  Missile Turret  
  54  4:59  Missile Turret  
  55  5:03  Raven, Siege Tank  
  55  5:04  Marine x2  
  55  5:06  SCV  
  63  5:09  SCV  
  64  5:18  SCV  
  63  5:22  Marine x2  
  63  5:26  SCV  
  66  5:34  SCV  
  65  5:38  SCV  
  65  5:42  Barracks x2  
  66  5:43  Refinery, Engineering Bay  
  66  5:44  Supply Depot  
  63  5:53  SCV  
  63  5:54  Orbital Command, SCV  
  62  5:59  Starport Reactor  
  62  6:00  Marine x2, Supply Depot  
  62  6:01  Factory Reactor  
  64  6:05  SCV  
  64  6:06  SCV  
  66  6:13  Terran Infantry Weapons Level 1  
  66  6:14  Terran Infantry Armor Level 1  
  66  6:17  SCV  
  67  6:20  SCV  
  67  6:21  Missile Turret  
  68  6:25  Marine x2  
  68  6:29  SCV  
  68  6:30  Orbital Command  
  68  6:32  SCV  
  72  6:33  Barracks x2  
  72  6:37  Bunker  
  72  6:39  Supply Depot  
  72  6:41  Supply Depot  
  72  6:42  SCV, Stimpack, Combat Shield  
  72  6:44  SCV, Marauder x2  
  78  6:47  Medivac  
  78  6:52  Medivac, Missile Turret  
  82  6:57  SCV  
  82  6:58  SCV x2  
  85  7:01  Marine  
  85  7:02  Marine  
  85  7:04  Widow Mine  
  85  7:05  Widow Mine  
  91  7:10  SCV x3, Armory  
  91  7:14  Supply Depot x2  
  94  7:19  Marauder, Marine, Medivac  
  94  7:21  Barracks Tech Lab  
  94  7:22  Barracks Reactor, SCV, Marine  
  100  7:23  Marine  
  100  7:25  SCV  
  100  7:27  SCV  
  104  7:32  Refinery  
  104  7:33  Refinery  
  104  7:34  SCV  
  105  7:37  Marine, Missile Turret  
  105  7:40  SCV, Marauder, Marine  
  105  7:41  SCV  
  105  7:43  Missile Turret  
  111  7:47  Marauder, Marine, Supply Depot  
  111  7:48  Supply Depot  
  111  7:49  Concussive Shells  
  114  7:55  Marauder  
  114  7:58  Marine  
  116  8:00  Marine x2  
  116  8:01  Marauder  
  116  8:02  Medivac x2  
  116  8:03  Widow Mine x2  
  116  8:04  Marine  
  130  8:08  Marauder  
  130  8:09  SCV x2  
  134  8:15  SCV  
  134  8:17  Marine  
  134  8:18  Marauder, Marine  
  139  8:21  SCV x2  
  139  8:24  Widow Mine  
  143  8:27  Starport, SCV  
  144  8:47  Marauder, Marine x2  
  144  8:51  Marauder, Marine  
  147  8:58  Barracks x2  
  147  8:59  Barracks  
  147  9:01  Sensor Tower  
  147  9:03  Command Center  
Show
View Real Time Build Order
Export as new Build Order

crew Protoss - Winner!

Build Orders: Oracle Opening, Phoenix Opening, Mass Phoenix 

Get SALT Encoding   

  12  0:01  Probe  
  13  0:13  Probe  
  14  0:19  Pylon  
  14  0:25  Probe  
  15  0:38  Probe (Chrono Boost)  
  16  0:43  Gateway  
  16  0:46  Assimilator  
  16  0:48  Probe (Chrono Boost)  
  17  0:53  Probe  
  18  1:06  Probe  
  19  1:18  Probe  
  20  1:27  Assimilator  
  20  1:30  Probe  
  21  1:41  Cybernetics Core  
  21  1:42  Probe  
  22  1:47  Pylon  
  22  1:54  Probe  
  23  2:06  Probe  
  23  2:18  Probe (Chrono Boost)  
  23  2:21  Stargate  
  25  2:30  Probe (Chrono Boost)  
  25  2:45  Nexus  
  25  2:46  Probe (Chrono Boost)  
  25  2:47  Pylon  
  26  2:58  Probe (Chrono Boost)  
  27  3:02  Oracle (Chrono Boost)  
  30  3:06  Probe (Chrono Boost)  
  31  3:14  Probe  
  32  3:26  Probe, Stargate  
  33  3:30  Assimilator  
  33  3:32  Pylon  
  33  3:35  Assimilator  
  33  3:37  Phoenix  
  33  3:38  Probe  
  36  3:50  Probe  
  37  4:02  Probe  
  37  4:07  Probe  
  39  4:15  Probe  
  40  4:18  Phoenix  
  40  4:19  Probe, Phoenix  
  45  4:27  Probe  
  46  4:31  Probe  
  47  4:39  Probe  
  47  4:43  Probe, Phoenix (Chrono Boost)  
  47  4:44  Phoenix (Chrono Boost)  
  53  4:51  Probe, Pylon  
  54  4:55  Probe  
  55  5:02  Phoenix x2 (Chrono Boost)  
  55  5:03  Probe  
  60  5:07  Probe  
  60  5:13  Pylon  
  61  5:15  Probe  
  61  5:20  Probe  
  63  5:23  Phoenix x2  
  63  5:27  Probe  
  68  5:32  Probe  
  67  5:48  Phoenix x2  
  71  6:02  Probe x2  
  71  6:03  Pylon  
  73  6:04  Pylon  
  73  6:06  Pylon  
  73  6:13  Phoenix x2  
  73  6:14  Probe  
  73  6:16  Nexus  
  78  6:38  Phoenix x2  
  82  6:40  Pylon  
  82  6:41  Pylon, Fleet Beacon  
  82  7:03  Phoenix  
  84  7:21  Phoenix  
  86  7:27  Probe x2  
  86  7:28  Phoenix  
  90  7:39  Probe x2  
  90  7:46  Phoenix  
  90  7:49  Assimilator  
  90  7:51  Probe x2  
  92  7:52  Stargate x2, Assimilator  
  92  7:59  Probe  
  92  8:03  Probe x2  
  92  8:05  Pylon  
  95  8:06  Pylon  
  95  8:08  Pylon  
  95  8:12  Probe  
Show
View Real Time Build Order
Export as new Build Order

Massa Terran 

Build Orders:  

Get SALT Encoding   

  12  0:00  SCV  
  13  0:12  SCV  
  14  0:23  Supply Depot  
  14  0:24  SCV  
  15  0:45  SCV, Barracks  
  16  0:52  Refinery  
  17  0:57  SCV  
  17  1:09  SCV  
  18  1:21  SCV  
  19  1:33  SCV  
  19  1:35  Reaper  
  21  1:44  Command Center  
  21  1:45  SCV  
  22  1:53  Supply Depot  
  22  1:58  Orbital Command  
  22  2:07  Marine  
  23  2:18  Factory  
  23  2:23  SCV  
  23  2:27  Engineering Bay  
  24  2:39  Barracks Reactor  
  24  2:57  Missile Turret  
  24  2:58  Orbital Command  
  24  2:59  SCV  
  24  3:03  Command Center  
  25  3:07  Factory Tech Lab  
  25  3:11  SCV  
  26  3:18  Marine x2  
  28  3:24  SCV  
  29  3:36  SCV, Marine x2  
  31  3:57  SCV  
  31  3:58  SCV  
  31  4:10  SCV x2  
  31  4:15  Orbital Command  
  30  4:22  SCV x2  
  30  4:24  Marine x2  
  33  4:25  Missile Turret  
  34  4:38  Siege Tank  
  37  4:40  SCV x2  
  37  4:41  Marine  
  37  4:42  Marine  
  41  4:51  Refinery  
  41  4:52  SCV x2  
  43  4:53  SCV  
  44  5:02  Missile Turret  
  44  5:04  SCV x2  
  44  5:05  Starport, SCV  
  47  5:10  Cyclone  
  47  5:11  Marine x2  
  47  5:13  Barracks  
  52  5:29  Marine x2  
  54  5:47  Marine x2  
  52  6:02  Barracks Tech Lab  
  52  6:05  Marine x2  
  52  6:06  Refinery, Barracks  
  52  6:09  Refinery  
  52  6:10  Barracks  
  54  6:15  Barracks  
  52  6:23  Marine x2  
  54  6:32  Marine  
  55  6:35  Stimpack  
  55  6:48  Marine x2  
  55  6:50  Marine  
  58  6:54  Starport Reactor  
  58  6:55  Terran Infantry Weapons Level 1  
  58  6:58  Armory  
  54  7:06  Marine  
  54  7:10  Marine x2  
  54  7:11  Marauder  
  54  7:12  Barracks Reactor, Barracks Tech Lab  
  56  7:23  Marine  
  56  7:27  Marine  
  56  7:28  Marine  
  59  7:31  Marine  
  59  7:33  SCV  
  61  7:51  Supply Depot  
  61  7:52  Supply Depot  
  61  7:53  Supply Depot x2  
  61  7:59  Concussive Shells  
  61  8:12  Barracks Reactor, Barracks  
  61  8:13  SCV x3, Siege Tank  
  61  8:16  Marine x6  
  73  8:25  SCV x3  
  76  8:34  Marine x3  
  74  8:37  SCV x3  
  75  8:41  Marine  
  75  8:46  Marauder x2  
  79  8:51  Marine  
  79  8:52  Marine  
Show
View Real Time Build Order
Export as new Build Order

qqq Protoss 

Build Orders: 1 Gate Expand 

Get SALT Encoding   

  12  0:00  Probe  
  13  0:12  Probe  
  14  0:33  Pylon  
  14  0:38  Probe  
  15  0:51  Probe  
  15  0:52  Gateway  
  15  0:55  Pylon  
  16  1:24  Nexus  
  16  1:37  Probe  
  17  1:42  Cybernetics Core  
  17  1:48  Assimilator  
  17  1:49  Probe  
  18  2:01  Probe  
  18  2:18  Probe (Chrono Boost)  
  19  2:24  Assimilator  
  20  2:30  Probe (Chrono Boost)  
  20  2:35  Pylon  
  20  2:36  Probe (Chrono Boost)  
  21  2:41  Probe (Chrono Boost)  
  22  2:50  Probe (Chrono Boost)  
  22  2:51  Probe (Chrono Boost)  
  24  2:57  Probe  
  25  3:01  Probe  
  25  3:03  Nexus  
  26  3:09  Probe  
  27  3:13  Probe  
  27  3:17  Stargate  
  28  3:21  Probe  
  28  3:25  Probe  
  30  3:33  Probe  
  31  3:38  Probe  
  32  3:43  Stargate  
  32  3:46  Probe (Chrono Boost)  
  33  3:50  Probe (Chrono Boost)  
  33  3:51  Assimilator  
  34  3:58  Probe (Chrono Boost)  
  34  4:00  Probe (Chrono Boost)  
  36  4:03  Probe (Chrono Boost)  
  36  4:04  Phoenix (Chrono Boost)  
  36  4:05  Probe (Chrono Boost)  
  40  4:11  Probe  
  40  4:16  Probe  
  42  4:23  Probe  
  33  4:25  Protoss Air Weapons Level 1  
  33  4:28  Probe  
  29  4:38  Probe  
  29  4:40  Phoenix  
  32  4:47  Assimilator  
  32  4:48  Probe  
  32  4:52  Probe x2  
  35  5:01  Probe, Phoenix  
  35  5:04  Probe x2  
  40  5:09  Phoenix  
  40  5:13  Probe  
  43  5:16  Probe x2  
  43  5:25  Probe  
  43  5:26  Phoenix  
  37  5:36  Phoenix  
  37  5:37  Probe  
  36  6:04  Probe x3  
  39  6:11  Phoenix  
  39  6:30  Phoenix  
  41  6:44  Probe  
  41  6:45  Fleet Beacon  
  42  7:07  Phoenix x2  
  40  7:21  Probe x3  
  40  7:22  Forge  
  43  7:33  Anion Pulse-Crystals  
  30  7:52  Probe  
  30  7:57  Probe  
  30  7:58  Probe  
  33  8:09  Photon Cannon  
  30  8:23  Pylon  
  30  8:26  Pylon  
  30  8:32  Pylon  
  30  8:45  Probe  
  30  8:57  Probe  
Tags
 
Add a new tag
Caveats
  • Supply blocks, unpowered buildings, or Contaminate may cause inaccurate times.
  • Supply counts are checked every 10 seconds.